TOP OF THE 1ST |
Yellowknife Dragonblood batting - Pitching for Gwinnett County Black Cats : LHP Efren Rasonable
|
Pitching: LHP Efren Rasonable
|
|
Batting: RHB Víctor Cuevas
|
0-0: Called Strike 0-1: Called Strike 0-2: Ball 1-2: Strikes out swinging
|
Batting: RHB Juan López
|
0-0: Foul Ball, location: 2F 0-1: Ball 1-1: Ball 2-1: SINGLE (Line Drive, 6MD)
|
Batting: RHB Mareka Naidoo
|
0-0: Foul Ball, location: 2F 0-1: Foul Ball, location: 2F 0-2: Ball 1-2: Foul Ball, location: 2F 1-2: Ball 2-2: SINGLE (Line Drive, 8LS) Juan López to second
|
Batting: RHB José García
|
0-0: Ball 1-0: SINGLE (Groundball, 34S) (infield hit) Juan López to third Mareka Naidoo to second
|
Batting: RHB Manny García
|
0-0: Foul Ball, location: 2F 0-1: Fly out, F7 (Flyball, 78S)
|
Batting: RHB Rob Ingram
|
0-0: Swinging Strike 0-1: Ball 1-1: TRIPLE (Flyball, 78XD) Juan López scores Mareka Naidoo scores José García scores
|
Batting: RHB Víctor Murguia
|
0-0: Called Strike 0-1: Foul Ball, location: 2F 0-2: Ball 1-2: Strikes out swinging
|
Top of the 1st over - 3 runs, 4 hits, 0 errors, 1 left on base; Yellowknife 3 - Gwinnett County 0 |
BOTTOM OF THE 1ST |
Gwinnett County Black Cats batting - Pitching for Yellowknife Dragonblood : RHP Forest Stanley
|
Pitching: RHP Forest Stanley
|
|
Batting: RHB Luc Bartoli
|
0-0: Swinging Strike 0-1: Ground out 4-3 (Groundball, 4)
|
Batting: RHB Chang-lit Min
|
0-0: Called Strike 0-1: Foul Ball, location: 2F 0-2: Ball 1-2: Ball 2-2: Strikes out looking
|
Batting: RHB Sidney Mackell
|
0-0: Swinging Strike 0-1: Swinging Strike 0-2: Strikes out swinging
|
Bottom of the 1st over - 0 runs, 0 hits, 0 errors, 0 left on base; Yellowknife 3 - Gwinnett County 0 |
TOP OF THE 2ND |
Yellowknife Dragonblood batting - Pitching for Gwinnett County Black Cats : LHP Efren Rasonable
|
Batting: RHB Cristo Cuervo
|
0-0: Ball 1-0: Foul Ball, location: 2F 1-1: Swinging Strike 1-2: Foul Ball, location: 2F 1-2: Strikes out swinging
|
Batting: RHB Mitsuhide Bando
|
0-0: Called Strike 0-1: Ball 1-1: Called Strike 1-2: Ball 2-2: Strikes out swinging
|
Batting: RHB Víctor Cuevas
|
0-0: Ball 1-0: Ball 2-0: Swinging Strike 2-1: Called Strike 2-2: Ball 3-2: Strikes out swinging
|
Top of the 2nd over - 0 runs, 0 hits, 0 errors, 0 left on base; Yellowknife 3 - Gwinnett County 0 |
BOTTOM OF THE 2ND |
Gwinnett County Black Cats batting - Pitching for Yellowknife Dragonblood : RHP Forest Stanley
|
Batting: LHB Víctor Sánchez
|
0-0: Ball 1-0: Ball 2-0: Ball 3-0: Called Strike 3-1: Base on Balls
|
Batting: RHB Manuel Barrios
|
0-0: Ball 1-0: Foul Ball, location: 2F 1-1: Ball 2-1: Ball 3-1: Foul Ball, location: 2F 3-2: Base on Balls Víctor Sánchez to second
|
Batting: RHB Bill Wilson
|
0-0: Fielders Choice at 2nd, 5-4 (Groundball, 56) Víctor Sánchez to third
|
Batting: LHB Marvello Obra
|
0-0: Grounds into double play, 4-6-3 (Groundball, 4)
|
Bottom of the 2nd over - 0 runs, 0 hits, 0 errors, 1 left on base; Yellowknife 3 - Gwinnett County 0 |
TOP OF THE 3RD |
Yellowknife Dragonblood batting - Pitching for Gwinnett County Black Cats : LHP Efren Rasonable
|
Batting: RHB Juan López
|
0-0: Called Strike 0-1: Ball 1-1: Swinging Strike 1-2: Strikes out swinging
|
Batting: RHB Mareka Naidoo
|
0-0: Ball 1-0: Ball 2-0: Ball 3-0: Called Strike 3-1: SINGLE (Groundball, 56D)
|
Batting: RHB José García
|
0-0: Ball Wild Pitch! Mareka Naidoo to second 1-0: Ball 2-0: SINGLE (Line Drive, 4M) Mareka Naidoo to third
|
Batting: RHB Manny García
|
0-0: Ball Passed Ball! Mareka Naidoo scores José García to second 1-0: Swinging Strike 1-1: Hit by Pitch
|
Batting: RHB Rob Ingram
|
0-0: Ball 1-0: SINGLE (Line Drive, 4M) José García to third Manny García to second Runner from 3rd tries for Home, SAFE, no throw
|
Batting: RHB Víctor Murguia
|
0-0: Fly out, F4 (Popup, 34S)
|
Batting: RHB Cristo Cuervo
|
0-0: Ball 1-0: Called Strike 1-1: Foul Ball, location: 2F 1-2: Fly out, F9 (Flyball, 9S)
|
Top of the 3rd over - 2 runs, 3 hits, 0 errors, 2 left on base; Yellowknife 5 - Gwinnett County 0 |
BOTTOM OF THE 3RD |
Gwinnett County Black Cats batting - Pitching for Yellowknife Dragonblood : RHP Forest Stanley
|
Batting: RHB Kauna Aleferede
|
0-0: Hit by Pitch
|
Batting: RHB Elder Sarrano
|
0-0: Ball 1-0: Ball 2-0: Called Strike 2-1: Foul Ball, location: 2F 2-2: Strikes out looking
|
Batting: RHB Luc Bartoli
|
0-0: Ball 1-0: Ball 2-0: Swinging Strike 2-1: Foul Ball, location: 2F 2-2: Strikes out looking
|
Batting: RHB Chang-lit Min
|
0-0: Ball 1-0: Fly out, F8 (Flyball, 8LD)
|
Bottom of the 3rd over - 0 runs, 0 hits, 0 errors, 1 left on base; Yellowknife 5 - Gwinnett County 0 |
TOP OF THE 4TH |
Yellowknife Dragonblood batting - Pitching for Gwinnett County Black Cats : LHP Efren Rasonable
|
Batting: RHB Mitsuhide Bando
|
0-0: Called Strike 0-1: Foul Ball, location: 2F 0-2: Foul Ball, location: 2F 0-2: Foul Ball, location: 2F 0-2: Ball 1-2: Ball 2-2: Foul Ball, location: 2F 2-2: Strikes out swinging
|
Batting: RHB Víctor Cuevas
|
0-0: Called Strike 0-1: Foul Ball, location: 2F 0-2: Ground out 6-3 (Groundball, 6)
|
Batting: RHB Juan López
|
0-0: Foul Ball, location: 2F 0-1: Foul Ball, location: 2F 0-2: Strikes out swinging
|
Top of the 4th over - 0 runs, 0 hits, 0 errors, 0 left on base; Yellowknife 5 - Gwinnett County 0 |
BOTTOM OF THE 4TH |
Gwinnett County Black Cats batting - Pitching for Yellowknife Dragonblood : RHP Forest Stanley
|
Batting: RHB Sidney Mackell
|
0-0: Called Strike 0-1: Swinging Strike 0-2: Ball 1-2: Strikes out swinging
|
Batting: LHB Víctor Sánchez
|
0-0: Called Strike 0-1: Ground out 4-3 (Groundball, 4MD)
|
Batting: RHB Manuel Barrios
|
0-0: Called Strike 0-1: Reached via error on a dropped throw, E3
|
Batting: RHB Bill Wilson
|
0-0: Called Strike 0-1: Foul Ball, location: 2F 0-2: Ball 1-2: Ball 2-2: Ball 3-2: Strikes out swinging
|
Bottom of the 4th over - 0 runs, 0 hits, 1 error, 1 left on base; Yellowknife 5 - Gwinnett County 0 |
TOP OF THE 5TH |
Yellowknife Dragonblood batting - Pitching for Gwinnett County Black Cats : LHP Efren Rasonable
|
Batting: RHB Mareka Naidoo
|
0-0: Ball 1-0: Ball 2-0: Called Strike 2-1: Ground out 4-3 (Groundball, 4S)
|
Batting: RHB José García
|
0-0: Called Strike 0-1: Fly out, F5 (Line Drive, 5S)
|
Batting: RHB Manny García
|
0-0: Ball 1-0: Ball 2-0: DOUBLE (Flyball, 78D)
|
Batting: RHB Rob Ingram
|
0-0: Ball 1-0: SINGLE (Groundball, 56D) Manny García to third Runner from 3rd tries for Home, SAFE, no throw
|
Batting: RHB Víctor Murguia
|
0-0: Ball Rob Ingram steals 2nd base 1-0: Ground out 6-3 (Groundball, 6M)
|
Top of the 5th over - 1 run, 2 hits, 0 errors, 1 left on base; Yellowknife 6 - Gwinnett County 0 |
BOTTOM OF THE 5TH |
Gwinnett County Black Cats batting - Pitching for Yellowknife Dragonblood : RHP Forest Stanley
|
Batting: LHB Marvello Obra
|
0-0: Ball 1-0: Fly out, F5 (Popup, 56)
|
Batting: RHB Kauna Aleferede
|
0-0: Fly out, F8 (Flyball, 8RD)
|
Batting: RHB Elder Sarrano
|
0-0: Called Strike 0-1: Foul Ball, location: 2F 0-2: Foul Ball, location: 2F 0-2: Strikes out swinging
|
Bottom of the 5th over - 0 runs, 0 hits, 0 errors, 0 left on base; Yellowknife 6 - Gwinnett County 0 |
TOP OF THE 6TH |
Yellowknife Dragonblood batting - Pitching for Gwinnett County Black Cats : LHP Efren Rasonable
|
Pitching: RHP Clarence Oveur
|
|
Batting: RHB Cristo Cuervo
|
0-0: Called Strike 0-1: Called Strike 0-2: Ground out 6-3 (Groundball, 6M)
|
Batting: RHB Mitsuhide Bando
|
0-0: Hit by Pitch
|
Batting: RHB Víctor Cuevas
|
0-0: Called Strike 0-1: Swinging Strike 0-2: Foul Ball, location: 2F 0-2: Strikes out swinging
|
Batting: RHB Juan López
|
0-0: Called Strike 0-1: Ball 1-1: Foul Ball, location: 2F 1-2: Foul Ball, location: 2F 1-2: Ball 2-2: Foul Ball, location: 2F 2-2: Fly out, F7 (Line Drive, 7)
|
Top of the 6th over - 0 runs, 0 hits, 0 errors, 1 left on base; Yellowknife 6 - Gwinnett County 0 |
BOTTOM OF THE 6TH |
Gwinnett County Black Cats batting - Pitching for Yellowknife Dragonblood : RHP Forest Stanley
|
Batting: RHB Luc Bartoli
|
0-0: Called Strike 0-1: Ground out 6-3 (Groundball, 6)
|
Batting: RHB Chang-lit Min
|
0-0: Ball 1-0: DOUBLE (Line Drive, 8LD)
|
Batting: RHB Sidney Mackell
|
0-0: Called Strike 0-1: Fly out, F9 (Flyball, 9S)
|
Batting: LHB Víctor Sánchez
|
0-0: Ball 1-0: Ball 2-0: Ball 3-0: Called Strike 3-1: Called Strike 3-2: SINGLE (Flyball, 8RS) Chang-lit Min to third Chang-lit Min scores
|
Batting: RHB Manuel Barrios
|
0-0: Ball 1-0: Ball 2-0: SINGLE (Line Drive, 89S) Víctor Sánchez to second Runner from 2nd tries for 3rd, SAFE, no throw
|
Batting: RHB Bill Wilson
|
0-0: Ball 1-0: Called Strike 1-1: Foul Ball, location: 2F 1-2: Fielders Choice at 2nd, 6-4 (Groundball, 6)
|
Bottom of the 6th over - 1 run, 3 hits, 0 errors, 2 left on base; Yellowknife 6 - Gwinnett County 1 |
TOP OF THE 7TH |
Yellowknife Dragonblood batting - Pitching for Gwinnett County Black Cats : RHP Clarence Oveur
|
Batting: RHB Mareka Naidoo
|
0-0: Ball 1-0: Foul Ball, location: 2F 1-1: Ball 2-1: Ground out 5-3 (Groundball, 56)
|
Batting: RHB José García
|
0-0: Called Strike 0-1: Ball 1-1: Fly out, F9 (Flyball, 9S)
|
Batting: RHB Manny García
|
0-0: Called Strike 0-1: Ball 1-1: Foul Ball, location: 2F 1-2: Ball 2-2: SINGLE (Line Drive, 56D)
|
Batting: RHB Rob Ingram
|
0-0: Ball 1-0: Fielders Choice at 2nd, 5-4 (Groundball, 56)
|
Top of the 7th over - 0 runs, 1 hit, 0 errors, 1 left on base; Yellowknife 6 - Gwinnett County 1 |
BOTTOM OF THE 7TH |
Gwinnett County Black Cats batting - Pitching for Yellowknife Dragonblood : RHP Forest Stanley
|
Batting: LHB Marvello Obra
|
0-0: Called Strike 0-1: Ball 1-1: Ball 2-1: Called Strike 2-2: Strikes out swinging wild pitch, reaches first!
|
Pitching: LHP Tony Torres
|
|
Batting: RHB Kauna Aleferede
|
0-0: Ball 1-0: Called Strike 1-1: Fly out, F8 (Flyball, 8LS)
|
Batting: RHB Elder Sarrano
|
0-0: Called Strike 0-1: Ball 1-1: DOUBLE (Line Drive, 7LM) Marvello Obra to third
|
Batting: RHB Luc Bartoli
|
0-0: Called Strike 0-1: Foul Ball, location: 2F 0-2: Strikes out swinging
|
Batting: RHB Chang-lit Min
|
0-0: Foul Ball, location: 2F 0-1: Called Strike 0-2: Ball 1-2: Strikes out swinging
|
Bottom of the 7th over - 0 runs, 1 hit, 0 errors, 2 left on base; Yellowknife 6 - Gwinnett County 1 |
TOP OF THE 8TH |
Yellowknife Dragonblood batting - Pitching for Gwinnett County Black Cats : RHP Clarence Oveur
|
Batting: RHB Víctor Murguia
|
0-0: Foul Ball, location: 2F 0-1: Foul Ball, location: 2F 0-2: Ball 1-2: Foul Ball, location: 2F 1-2: Hit by Pitch
|
Batting: RHB Cristo Cuervo
|
0-0: Ball 1-0: Ball 2-0: SINGLE (Line Drive, 34D) Víctor Murguia to second
|
Batting: RHB Mitsuhide Bando
|
0-0: Sac Bunt - play at first, batter OUT! 5-3 Víctor Murguia to third Cristo Cuervo to second
|
Batting: RHB Víctor Cuevas
|
0-0: Ball 1-0: Ball 2-0: Called Strike 2-1: Ground out 4-3 (Groundball, 4MS)
|
Batting: RHB Juan López
|
0-0: Called Strike 0-1: Called Strike 0-2: Foul Ball, location: 2F 0-2: Ball 1-2: Foul Ball, location: 2F 1-2: Foul Ball, location: 2F 1-2: Ball 2-2: SINGLE (Groundball, 56D) Víctor Murguia scores Cristo Cuervo to third Throwing error, E7 Cristo Cuervo scores Juan López to second
|
Batting: RHB Mareka Naidoo
|
0-0: Reached on error, E6 (Groundball, 6) Juan López to third
|
Batting: RHB José García
|
0-0: Ball 1-0: Ball 2-0: Called Strike 2-1: Fly out, F9 (Flyball, 9LMF)
|
Top of the 8th over - 2 runs, 2 hits, 2 errors, 2 left on base; Yellowknife 8 - Gwinnett County 1 |
BOTTOM OF THE 8TH |
Gwinnett County Black Cats batting - Pitching for Yellowknife Dragonblood : LHP Tony Torres
|
Batting: RHB Sidney Mackell
|
0-0: Ball 1-0: Ball 2-0: Foul Ball, location: 2F 2-1: Called Strike 2-2: Ball 3-2: Ground out 6-3 (Groundball, 6)
|
Batting: LHB Víctor Sánchez
|
0-0: Called Strike 0-1: Called Strike 0-2: Foul Ball, location: 2F 0-2: Ball 1-2: Ground out 1-3 (Groundball, 13S)
|
Batting: RHB Manuel Barrios
|
0-0: Swinging Strike 0-1: Ground out 1-3 (Groundball, P)
|
Bottom of the 8th over - 0 runs, 0 hits, 0 errors, 0 left on base; Yellowknife 8 - Gwinnett County 1 |
TOP OF THE 9TH |
Yellowknife Dragonblood batting - Pitching for Gwinnett County Black Cats : RHP Clarence Oveur
|
Batting: RHB Manny García
|
0-0: Ground out 6-3 (Groundball, 6)
|
Batting: RHB Rob Ingram
|
0-0: Ball 1-0: Foul Ball, location: 2F 1-1: Ball 2-1: Foul Ball, location: 2F 2-2: Foul Ball, location: 2F 2-2: Strikes out swinging
|
Batting: RHB Víctor Murguia
|
0-0: Foul Ball, location: 2F 0-1: Swinging Strike 0-2: Foul Ball, location: 2F 0-2: Ball 1-2: Foul Ball, location: 2F 1-2: Ball 2-2: Ball 3-2: Foul Ball, location: 2F 3-2: Fly out, F9 (Flyball, 89D)
|
Top of the 9th over - 0 runs, 0 hits, 0 errors, 0 left on base; Yellowknife 8 - Gwinnett County 1 |
BOTTOM OF THE 9TH |
Gwinnett County Black Cats batting - Pitching for Yellowknife Dragonblood : LHP Tony Torres
|
Now at 3B: Orlando Moruga
|
|
Batting: RHB Bill Wilson
|
0-0: Ball 1-0: Swinging Strike 1-1: Fly out, F6 (Popup, 6)
|
Batting: LHB Marvello Obra
|
0-0: Ball 1-0: Ball 2-0: Called Strike 2-1: Foul Ball, location: 2F 2-2: Foul Ball, location: 2F 2-2: Strikes out swinging
|
Batting: RHB Kauna Aleferede
|
0-0: Ball 1-0: Swinging Strike 1-1: Foul Ball, location: 2F 1-2: Strikes out swinging
|
Bottom of the 9th over - 0 runs, 0 hits, 0 errors, 0 left on base; Yellowknife 8 - Gwinnett County 1 |
|